 Dungeon Crawl Stone Soup version 0.21-a0-151-ga4fe563 (webtiles) character file.

5796 seren the Archer (level 10, -4/90 HPs)
             Began as a Centaur Hunter on July 30, 2017.
             Was a Priest of Okawaru.
             Slain by an orc knight
             ... wielding a +0 halberd
              (7 damage)
             ... in a bailey.
             The game lasted 00:40:34 (10354 turns).

seren the Archer (Centaur Hunter)                  Turns: 10354, Time: 00:40:35

Health: -4/90      AC: 12    Str: 17    XL:     10   Next: 50%
Magic:  13/13      EV: 11    Int: 10    God:    Okawaru [***...]
Gold:   453        SH:  0    Dex: 11    Spells: 9/9 levels left

rFire    . . .     SeeInvis .   a - +1 shortbow
rCold    . . .     Gourm    .   (shield currently unavailable)
rNeg     . . .     Faith    .   c - +0 leather armour
rPois    .         Spirit   .   H - +2 helmet
rElec    .         Reflect  .   G - +0 cloak
rCorr    .         Harm     .   (no gloves)
MR       +....                  (no barding)
Stlth    +.........             (no amulet)
HPRegen  0.25/turn              g - +3 ring of protection
MPRegen  0.13/turn              i - ring of protection from magic

@: very quick
A: hooves 3, deformed body, speed 2, tough skin 3
a: Heroism, Renounce Religion


You were in a bailey.
You worshipped Okawaru.
Okawaru was most pleased with you.
You were not hungry.

You visited 2 branches of the dungeon, and saw 10 of its levels.
You also visited: Ossuary and Bailey.

You collected 453 gold pieces.

Inventory:

Hand Weapons
 a - a +1 shortbow (weapon)
 b - the +3 dagger "Nijaeplecw" {drain, rC+ Str+4}
   (You found it on level 6 of the Dungeon)

   A truly terrible weapon, it drains the life of those it strikes.
   It affects your strength (+4).
   It protects you from cold.
 A - a +0 short sword
 D - the +8 mace "Death Rattle" {distort, Int+4}
   (You found it on level 8 of the Dungeon)

   It warps and distorts space around it.
   Unwielding it can cause banishment or high damage.
   It affects your intelligence (+4).
Missiles
 d - 35 arrows (quivered)
 J - a throwing net
Armour
 c - a +0 leather armour (worn)
 G - a +0 cloak (worn)
 H - a +2 helmet (worn)
Jewellery
 g - a +3 ring of protection (left hand)
 i - a ring of protection from magic (right hand)
 j - an uncursed ring of stealth
 F - an uncursed ring of stealth
Wands
 q - a wand of iceblast (4/15)
Scrolls
 e - a scroll of noise {unknown}
 n - 3 scrolls of amnesia
 p - a scroll of enchant weapon {unknown}
 s - 3 scrolls of fear
 v - 4 scrolls of remove curse
 x - 3 scrolls of teleportation {unknown}
 y - 2 scrolls of recharging {unknown}
 B - a scroll of immolation
 C - a scroll of blinking {unknown}
 K - a scroll of acquirement {unknown}
 L - 2 scrolls of enchant armour {unknown}
Potions
 h - 8 potions of curing
 k - a potion of agility
 l - 2 potions of resistance
 m - 5 potions of heal wounds
 r - 2 potions of invisibility
 t - 3 potions of flight
 u - a potion of might {unknown}
 w - 2 potions of lignification
 I - a potion of cancellation {unknown}
Comestibles
 f - 7 bread rations
 o - 2 royal jellies
 z - 3 meat rations


   Skills:
 - Level 8.6 Fighting
 - Level 14.9 Bows
 + Level 4.2 Armour
 - Level 5.5 Dodging
 - Level 0.4 Stealth
 + Level 5.0 Invocations


You had 9 spell levels left.
You didn't know any spells.

Dungeon Overview and Level Annotations

Branches:
Dungeon (10/15)            Temple (1/1) D:7             Orc (0/2) D:10
   Lair: D:8-11

Altars:
Ashenzari
Cheibriados
Dithmenos
Elyvilon
Fedhas
Gozag
Hepliaklqana
Kikubaaqudgha
Makhleb
Nemelex Xobeh
Okawaru
Qazlal
Ru
Sif Muna
Trog
Uskayaw
Vehumet
Wu Jian
Xom
Yredelemnul
Zin
The Shining One


Innate Abilities, Weirdness & Mutations

You have hooves in place of feet.
Armour fits poorly on your strangely shaped body.
You cover ground very quickly.
You have extremely tough skin. (AC +3)


Message History

The orc closely misses you.
Your gnoll closely misses the orc.
The orc knight hits you from afar with a halberd!!
* * * LOW HITPOINT WARNING * * *
You see here a scroll labeled LIMAUTOREV.
L - 2 scrolls labeled LIMAUTOREV (gained 1)
Your gnoll hits the orc knight. The orc misses you.
Your gnoll hits the orc.
The orc knight hits you from afar with a halberd!!!
* * * LOW HITPOINT WARNING * * *
The orc knight barely misses you.
The orc knight barely misses your gnoll.
Unknown command.
Your gnoll dissolves into shadows!
Your gnoll barely misses the orc knight.
The orc hits you but does no damage.
You see here a scroll labeled LIMAUTOREV.
The orc knight hits you from afar with a glaive!
* * * LOW HITPOINT WARNING * * *
Your gnoll hits the orc with a club.
The orc knight hits you from afar with a halberd!
You die...

############ #######
##..........###.....##
#.....g......'..(....#
#...?og).....'.......'
#∩..ooo......'...(.o.'
#..???.......'.......o
#....@.......'.....%.#
##..........###...%.##
############ #######


You could see 3 orc knights, an orc and 2 friendly gnolls.

Vanquished Creatures
  3 orc knights (Bailey)
  A hungry ghost (D:8)
  5 orc warriors (Bailey)
  A sky beast (D:6)
  3 ogres
  2 phantoms
  5 centaurs
  The ghost of anything the Bolt Thrower, an amateur KoHu (D:3)
  A big kobold (D:8)
  3 bullfrogs
  2 elf zombies (Ossuary)
  A scorpion (D:7)
  8 wights
  4 howler monkeys
  6 bullfrog zombies
  4 crimson imps
  3 centaur zombies
  A human zombie (Ossuary)
  2 jellies
  3 hounds
  2 orc wizards (D:7)
  A centaur skeleton (D:7)
  Natasha (thrice) (D:4)
  8 worker ants
  A big kobold zombie (Ossuary)
  A hound zombie (D:5)
  A hound skeleton (D:5)
  2 mummies
  A howler monkey zombie (D:5)
  A worker ant zombie (D:5)
  A howler monkey skeleton (D:5)
  9 adders
  An ooze (D:1)
  An adder skeleton (D:5)
  2 adder zombies (D:5)
  2 worms
  2 dart slugs
  5 leopard geckos
  45 orcs
  9 giant cockroaches
  7 hobgoblins
  A jackal (D:1)
  3 quokkas
  5 bats
  3 frilled lizards
  4 goblins
  11 hobgoblin zombies (Ossuary)
  A jackal skeleton (D:4)
  A jackal zombie (Ossuary)
  10 kobolds
  13 kobold zombies (Ossuary)
  2 leopard gecko skeletons (D:5)
  7 orc zombies (Ossuary)
  A quokka zombie (D:5)
  5 rats
231 creatures vanquished.

Vanquished Creatures (collateral kills)
  An orc warrior (Bailey)
1 creature vanquished.

Grand Total: 232 creatures vanquished

Notes
Turn   | Place    | Note
-------+----------+-------------------------------------------
     0 | D:1      | seren the Centaur Hunter began the quest for the Orb.
     0 | D:1      | Reached XP level 1. HP: 17/17 MP: 1/1
   244 | D:1      | Reached XP level 2. HP: 24/24 MP: 2/2
   980 | D:2      | Reached skill level 6 in Bows
  1137 | D:2      | Reached XP level 3. HP: 29/29 MP: 3/3
  1525 | D:2      | Found a hazy altar of Hepliaklqana.
  1640 | D:2      | Reached skill level 7 in Bows
  2103 | D:2      | Reached XP level 4. HP: 26/36 MP: 4/4
  2171 | D:2      | Found a burning altar of Makhleb.
  2695 | D:3      | Noticed anything's ghost (amateur KoHu)
  2841 | D:3      | Reached skill level 8 in Bows
  3120 | D:3      | Noticed an ogre
  3148 | D:3      | Killed an ogre
  3148 | D:3      | Reached skill level 9 in Bows
  3148 | D:3      | Reached XP level 5. HP: 38/41 MP: 5/5
  3356 | D:3      | Killed anything's ghost
  3356 | D:3      | Reached XP level 6. HP: 40/48 MP: 6/6
  3615 | D:4      | Found a glowing golden altar of the Shining One.
  3620 | D:4      | Found a basalt altar of Yredelemnul.
  3622 | D:4      | Noticed a profane servitor
  3647 | D:4      | Noticed Natasha
  3652 | D:4      | Killed Natasha
  3722 | D:4      | Found a sand-covered staircase.
  3761 | Ossuary  | Entered an ossuary
  4153 | Ossuary  | Reached skill level 10 in Bows
  4375 | Ossuary  | Reached XP level 7. HP: 26/56 MP: 7/7
  4380 | Ossuary  | Reached skill level 14 in Bows
  4380 | Ossuary  | Reached skill level 5 in Dodging
  4380 | Ossuary  | Reached XP level 8. HP: 35/71 MP: 8/8
  4841 | D:4      | Noticed Natasha
  4845 | D:4      | Killed Natasha
  4851 | D:4      | Found an ornate altar of the Wu Jian Council.
  5042 | D:4      | Found a hide-covered altar of Uskayaw.
  5210 | D:4      | Noticed Natasha
  5216 | D:4      | Killed Natasha
  5255 | D:4      | You fall through a shaft for 2 floors!
  5280 | D:5      | Entered Level 5 of the Dungeon
  6739 | D:6      | Got a slimy dagger
  6747 | D:6      | Identified the +3 dagger "Nijaeplecw" {drain, rC+ Str+4} (You found it on level 6 of the Dungeon)
  7044 | D:6      | Reached XP level 9. HP: 81/81 MP: 9/9
  7221 | D:7      | Found a blossoming altar of Fedhas.
  7437 | D:7      | Found a staircase to the Ecumenical Temple.
  7547 | Temple   | Entered the Ecumenical Temple
  7808 | Temple   | Became a worshipper of Warmaster Okawaru
  7985 | D:7      | Reached skill level 1 in Armour
  8341 | D:7      | Reached * piety under Okawaru
  8924 | D:8      | Got a brightly glowing long sword
  8926 | D:8      | Identified the +5 long sword of Jyefynga {vamp, rF+} (You found it on level 8 of the Dungeon)
  8972 | D:8      | Reached skill level 1 in Invocations
  9121 | D:8      | Found a shimmering altar of Xom.
  9121 | D:8      | Found a snail-covered altar of Cheibriados.
  9122 | D:8      | Found a bloodstained altar of Trog.
  9196 | D:8      | Got a faintly glowing mace
  9197 | D:8      | Identified the +8 mace "Death Rattle" {distort, Int+4} (You found it on level 8 of the Dungeon)
  9637 | D:8      | Found a shadowy altar of Dithmenos.
  9664 | D:8      | You fall through a shaft for 2 floors!
  9664 | D:10     | Entered Level 10 of the Dungeon
  9697 | D:10     | Found a flagged portal.
  9715 | Bailey   | Entered a bailey
  9724 | Bailey   | Reached ** piety under Okawaru
  9724 | Bailey   | Reached XP level 10. HP: 90/90 MP: 12/12
 10185 | Bailey   | Noticed an orc knight
 10185 | Bailey   | Noticed an orc knight
 10186 | Bailey   | Noticed an orc knight
 10207 | Bailey   | Noticed an orc knight
 10212 | Bailey   | Killed an orc knight
 10213 | Bailey   | Killed an orc knight
 10222 | Bailey   | Noticed an orc knight
 10312 | Bailey   | Killed an orc knight
 10312 | Bailey   | Reached *** piety under Okawaru
 10330 | Bailey   | Noticed an orc knight
 10350 | Bailey   | Reached skill level 5 in Invocations
 10353 | Bailey   | HP: 2/90 [orc knight/glaive (10)]
 10354 | Bailey   | Slain by an orc knight

Vault maps used:
D:1:      minmay_arrival_radiant_lines
D:2:      nicolae_overflow_crystal_walls, grunt_decor_cap,
          makhleb_blood_cavern_becter
D:3:      first_bread
D:4:      grunt_temple_overflow_holy_war, kennysheep_mini,
          overflow_temple_1_default, gup_ossuary_entry_pyramid,
          kennysheep_small_spiral, uniq_natasha
D:5:      serial_undead, serial_undead_f, serial_undead_e, serial_undead_b,
          serial_undead_b, serial_undead_c, serial_undead_a
D:6:      minmay_fountain_box
D:7:      overflow_temple_1_default, minmay_temple_entry_mist, grunt_ogre_cave
D:8:      lemuel_ratsnest, nicolae_overflow_quartered_altars,
          okawaru_altar_gauntlet_db
D:10:     kennysheep_ambush_hall, minmay_orc_entry_temple_small, enter_bailey_2,
          kb_rosetta
Temple:   minmay_temple_forest_path
Ossuary:  ossuary_tomb_1
Bailey:   bailey_polearm_5, bailey

Skill      XL: |  1  2  3  4  5  6  7  8  9 10 |
---------------+-------------------------------+-----
Bows           | 6 7 9 10 14 | 14.9
Fighting       | 6 7 8 |  8.6
Dodging        | 5 |  5.5
Armour         | 3 4 |  4.2
Invocations    | 3 5 |  5.0
Stealth        | |  0.4

Action                   |  1- 3 |  4- 6 |  7- 9 | 10-12 || total
-------------------------+-------+-------+-------+-------++-------
Melee: Short sword       |    74 |   117 |   124 |       ||   315
       Kick              |    19 |    26 |    41 |       ||    86
       Dagger            |       |       |    17 |       ||    17
 Fire: Shortbow          |    55 |   143 |   432 |   111 ||   741
Invok: Heroism           |       |       |       |     4 ||     4
  Use: Scroll            |       |     2 |    13 |     8 ||    23
       Potion            |       |     2 |     1 |     1 ||     4
  Eat: Chunk             |     2 |     5 |     8 |     1 ||    16
       Bread ration      |       |       |     1 |       ||     1
       Royal jelly       |       |       |     1 |       ||     1
Armor: Leather armour    |    29 |    59 |    99 |     8 ||   195
Dodge: Dodged            |    54 |    68 |   132 |    35 ||   289
